 Dungeon Crawl Stone Soup version 0.21-a0-265-gb353147 (webtiles) character file.

1368 tidbits the Fighter (level 8, -3/74 HPs)
             Began as a Demigod Wanderer on Sept 10, 2017.
             Shot with an arrow by a centaur (10 damage)
             ... on level 8 of the Dungeon.
             The game lasted 00:19:30 (2025 turns).

tidbits the Fighter (Demigod Wanderer)              Turns: 2025, Time: 00:19:31

Health: -3/74      AC:  6    Str: 16    XL:     8   Next: 15%
Magic:  11/11      EV: 13    Int: 18    God:
Gold:   247        SH:  0    Dex: 16    Spells: 7/7 levels left

rFire    . . .     SeeInvis .   a - +4 scimitar
rCold    . . .     Gourm    .   (no shield)
rNeg     . . .     Faith    .   B - +0 ring mail
rPois    .         Spirit   .   (no helmet)
rElec    .         Reflect  .   (no cloak)
rCorr    .         Harm     .   (no gloves)
MR       +....                  (no boots)
Stlth    +.........             (no amulet)
HPRegen  0.22/turn              U - +1 ring of protection
MPRegen  0.12/turn              (no ring)

@: no status effects
A: high mp 1, magic resistance 1, wild magic 1, evolution 1
a: no special abilities


You were on level 8 of the Dungeon.
You were not hungry.

You visited 1 branch of the dungeon, and saw 8 of its levels.

You collected 247 gold pieces.

Inventory:

Hand Weapons
 a - a +4 scimitar (weapon)
 j - a +1 flail of crushing
   (You took it off Edmund on level 5 of the Dungeon)
 k - a +0 shortbow
 l - a +0 long sword
 m - a +0 shortbow
 p - a +2 hand axe
 s - a +0 blowgun
 v - a +0 dagger of venom
   (You took it off an orc on level 4 of the Dungeon)
Missiles
 e - 16 bolts
 g - 87 sling bullets
 n - 77 arrows
Armour
 B - a +0 ring mail (worn)
Jewellery
 U - a +1 ring of protection (left hand)
   (You found it on level 3 of the Dungeon)
Wands
 c - a wand of confusion (0/48)
 d - a wand of disintegration (0/24)
 h - a wand of random effects (0/48)
Scrolls
 b - a scroll of amnesia {unknown}
 r - a scroll of fog {unknown}
Comestibles
 f - 5 bread rations


   Skills:
 + Level 8.1 Fighting
 - Level 2.3 Axes
 - Level 1.8 Armour
 + Level 4.2 Dodging
   Level 1.0 Shields
   Level 1.0 Conjurations
   Level 1.7 Ice Magic
 - Level 1.2 Evocations


You had 7 spell levels left.
You didn't know any spells.

Dungeon Overview and Level Annotations

Branches:
Dungeon (8/15)
 Temple: D:4-7         Lair: D:8-11


Innate Abilities, Weirdness & Mutations

You have an increased reservoir of magic. (+10% MP)
You are resistant to hostile enchantments. (MR+)
Your spells are a little harder to cast, but a little more powerful.
You evolve.


Message History

You feel very buoyant.
You fly up into the air.
The centaur completely misses you. The centaur closely misses you.
You riposte.
Your ring mail prevents you from hitting the centaur.
The centaur is severely wounded.
You slash the centaur!
You kill the centaur!
Your life force feels restored.
Your Dodging skill increases to level 4!
n - 77 arrows (gained 16)
You see here a shortbow.
k - a shortbow
As you read the scroll of remove curse, it crumbles to dust.
You feel as if something is helping you.
Okay, then.
Wield which item (- for none, * to show all)? (? for menu, Esc to quit)
Okay, then.
Wield which item (- for none, * to show all)? (? for menu, Esc to quit)
c - a wand of confusion (0/48) (in hand)
You swing at nothing.
You swing at nothing.
You swing at nothing.
You swing at nothing.
You swing at nothing.
You swing at nothing.
You swing at nothing.
You swing at nothing.
You swing at nothing.
You swing at nothing.
You swing at nothing.
You swing at nothing.
You swing at nothing.
You swing at nothing.
You swing at nothing.
You swing at nothing.
You swing at nothing.
You swing at nothing.
You swing at nothing.
You swing at nothing.
You swing at nothing.
You swing at nothing.
You swing at nothing.
You swing at nothing.
You swing at nothing.
You swing at nothing.
You swing at nothing.
You swing at nothing.
You swing at nothing.
You are starting to lose your buoyancy.
Wield which item (- for none, * to show all)? (? for menu, Esc to quit)
p - a +4 scimitar (weapon)
Adjust (i)tems, (s)pells, or (a)bilities?
Adjust which item? (? for menu, Esc to quit)
p - a +4 scimitar (weapon)
Adjust to which letter? (? for menu, Esc to quit)
a - a +4 scimitar (weapon);
p - a +2 hand axe An orc comes into view.
The orc shouts!
You hear a shout! x3
The orc closely misses you.
An orc comes into view. It is wielding a flail.
You slash the orc!
You kill the orc!
The orc closely misses you.
You riposte.
You slash the orc!
You kill the orc! 2 orcs, an orc wizard and a centaur come into view.
An orc is wielding a flail of protection.
You float gracefully downwards.
The centaur shouts!
The orc wizard shouts!
The orc shouts! x2
The centaur wields a shortbow.
The centaur shoots an arrow.
The arrow misses you.
The orc moves out of view.
Found 10 gold pieces.
Items here: ( ) [ † an arrow; a flail; a leather armour; an orc corpse Unknown command.
The centaur moves out of view.
The orc wizard hits you but does no damage.
Found a stone staircase leading down.
You barely miss the orc wizard.
The orc wizard gestures wildly while chanting.
The orc wizard blinks!
The orc barely misses you.
You riposte.
You hit the orc.
The orc is heavily wounded.
You slash the orc!
You kill the orc!
The centaur shoots an arrow.
The arrow hits you!
* * * LOW HITPOINT WARNING * * *
The orc barely misses you.
You hear a shout!
You closely miss the orc.
The orc wizard casts a spell.
The orc wizard seems to speed up.
The orc closely misses you.
You hit the orc but do no damage.
The orc wizard mumbles some strange words.
The orc wizard blinks!
The orc closely misses you.
A crimson imp comes into view.
You aren't carrying any potions.
Unknown command.
You slash the orc!
You kill the orc!
The centaur shoots an arrow.
The arrow hits you!
You die...

#.....# #>....#
#^....# #.....#
#.....####
#........#
#.....##.#
#.....##(#######>
#.....##.@)c.....
###########5.....
.##.. .. .$ .# #


You could see a centaur and a crimson imp.

Vanquished Creatures
  Edmund (D:5)
  An ice beast (D:8)
  An ogre (D:4)
  2 centaurs
  Blork the orc (D:5)
  A bullfrog (D:5)
  A scorpion (D:6)
  3 wights
  A howler monkey (D:3)
  A crimson imp (D:5)
  2 bullfrog zombies
  A jelly (D:7)
  An orc priest (D:4)
  4 hounds
  2 orc wizards
  Ijyb (D:3)
  3 worker ants
  7 adders
  An ooze (D:2)
  An adder zombie (D:5)
  2 adder skeletons
  2 worms
  4 dart slugs
  A leopard gecko (D:5)
  13 orcs
  A ball python (D:3)
  2 bats
  4 goblins
  3 hobgoblins
  14 jackals
  3 kobolds (D:3)
  A quokka (D:5)
  2 frilled lizards
  A leopard gecko skeleton (D:7)
  A quokka zombie (D:6)
  5 rats
95 creatures vanquished.

Notes
Turn   | Place    | Note
-------+----------+-------------------------------------------
     0 | D:1      | tidbits the Demigod Wanderer began the quest for the Orb.
     0 | D:1      | tidbits set off with: a +2 hand axe, a +0 ring mail, a wand of random effects (15/48), a bread ration
     0 | D:1      | Reached XP level 1. HP: 16/16 MP: 3/3
    43 | D:1      | Reached skill level 2 in Axes
    87 | D:2      | Reached XP level 2. HP: 19/23 MP: 5/5
   242 | D:3      | Reached skill level 2 in Fighting
   250 | D:3      | Reached XP level 3. HP: 13/29 MP: 6/6
   535 | D:4      | Reached skill level 3 in Fighting
   549 | D:4      | Reached XP level 4. HP: 13/38 MP: 7/7
   632 | D:5      | Entered Level 5 of the Dungeon
   673 | D:5      | Reached skill level 4 in Fighting
   699 | D:5      | Noticed a centaur
   710 | D:5      | Killed a centaur
   710 | D:5      | Reached XP level 5. HP: 16/47 MP: 8/8
   733 | D:5      | HP: 4/47 [bullfrog zombie (2)]
   734 | D:5      | Reached skill level 5 in Fighting
   825 | D:5      | Gained mutation: Your spells are a little harder to cast, but a little more powerful. [potion of mutation]
   825 | D:5      | Gained mutation: Your flesh is cold resistant. (rC+) [potion of mutation]
   825 | D:5      | Gained mutation: You have a pair of small horns on your head. [potion of mutation]
   843 | D:4      | Noticed an ogre
   863 | D:4      | Killed an ogre
   863 | D:4      | Reached XP level 6. HP: 19/57 MP: 9/9
   927 | D:3      | Reached skill level 6 in Fighting
  1094 | D:3      | Noticed Ijyb
  1139 | D:3      | Killed Ijyb
  1168 | D:3      | Lost mutation: Your spells are a little harder to cast, but a little more powerful. [potion of mutation]
  1168 | D:3      | Lost mutation: Your flesh is cold resistant. (rC+) [potion of mutation]
  1168 | D:3      | Lost mutation: You have a pair of small horns on your head. [potion of mutation]
  1168 | D:3      | Gained mutation: Your spells are a little harder to cast, but a little more powerful. [potion of mutation]
  1168 | D:3      | Gained mutation: You are resistant to hostile enchantments. (MR+) [potion of mutation]
  1168 | D:3      | Gained mutation: You evolve. [potion of mutation]
  1506 | D:5      | Noticed Blork the orc
  1508 | D:5      | Killed Blork the orc
  1508 | D:5      | Reached skill level 1 in Dodging
  1508 | D:5      | Reached XP level 7. HP: 64/64 MP: 10/10
  1510 | D:5      | Noticed Edmund
  1514 | D:5      | Killed Edmund
  1514 | D:5      | Reached skill level 7 in Fighting
  1526 | D:5      | Reached skill level 2 in Dodging
  1737 | D:5      | Reached skill level 3 in Dodging
  1875 | D:7      | Reached XP level 8. HP: 63/74 MP: 11/11
  1947 | D:8      | HP: 4/74 [ice beast (10)]
  1950 | D:8      | Reached skill level 8 in Fighting
  1973 | D:8      | HP: 4/74 [centaur (6)]
  1975 | D:8      | Reached skill level 4 in Dodging
  2022 | D:8      | HP: 6/74 [centaur/arrow (12)]
  2025 | D:8      | Shot with an arrow by a centaur

Vault maps used:
D:1:      shiori_arrival_maze, roderic_serpentine_path, serial_bayou_pond_d,
          hex_medium
D:3:      first_bread, uniq_ijyb
D:4:      minivault_24
D:5:      lemuel_temple_firewalk_a, minmay_crystal_room,
          hangedman_decor_peaks_small, uniq_edmund, uniq_blork_the_orc
D:7:      glass_columns_c, minivault_27, grunt_ogre_cave,
          uniq_crazy_yiuf_cottage, uniq_menkaure
D:8:      basic_altar

Skill      XL: |  1  2  3  4  5  6  7  8 |
---------------+-------------------------+-----
Axes           | 2 |  2.3
Fighting       | 2 3 4 5 6 7 8 |  8.1
Dodging        | 1 3 4 |  4.2
Armour         | |  1.8
Shields        | |  1.0
Conjurations   | |  1.0
Ice Magic      | |  1.7
Evocations     | |  1.2

Action                   |  1- 3 |  4- 6 |  7- 9 || total
-------------------------+-------+-------+-------++-------
Melee: Hand axe          |    70 |     6 |       ||    76
       Dagger            |       |   137 |    13 ||   150
       Headbutt          |       |    11 |       ||    11
       Flail             |       |       |    31 ||    31
       Scimitar          |       |       |    55 ||    55
Evoke: Wand              |    14 |    27 |     5 ||    46
  Use: Potion            |       |     4 |     3 ||     7
       Scroll            |       |     4 |     2 ||     6
 Stab: Confused          |       |     4 |       ||     4
       Invisible         |       |     1 |       ||     1
  Eat: Chunk             |       |     3 |     1 ||     4
       Meat ration       |       |       |     1 ||     1
Armor: Ring mail         |    32 |    47 |    31 ||   110
Dodge: Dodged            |    42 |    81 |    88 ||   211
       Rpst.: Scimitar   |       |       |    16 ||    16

Table legend:
 A = Spawn XP
 B = Non-spawn XP
 C = Spawn XP percentage of total XP
 D = Spawn monster count
 E = Non-spawn monster count
 F = Spawn count percentage of total count
 G = Total turns spent on level
                    A         B        C        D         E        F      G
               +---------+---------+-------+---------+---------+-------+---------
         Total |       0 |    1955 |   0.0 |       0 |      95 |   0.0 |  2025
               +---------+---------+-------+---------+---------+-------+---------
           D:1 |       0 |       9 |   0.0 |       0 |       5 |   0.0 |   116
           D:2 |       0 |      31 |   0.0 |       0 |      10 |   0.0 |   159
           D:3 |       0 |     192 |   0.0 |       0 |      24 |   0.0 |   602
           D:4 |       0 |     317 |   0.0 |       0 |      19 |   0.0 |   374
           D:5 |       0 |     846 |   0.0 |       0 |      23 |   0.0 |   484
           D:6 |       0 |     261 |   0.0 |       0 |       6 |   0.0 |   135
           D:7 |       0 |      46 |   0.0 |       0 |       2 |   0.0 |    68
           D:8 |       0 |     253 |   0.0 |       0 |       6 |   0.0 |    87
               +---------+---------+-------+---------+---------+-------+---------

Table legend:
 A = Turns spent in this place as a percentage of turns spent in the entire game.
 B = Non-inter-level travel turns spent in this place as a percentage of non-inter-level travel turns spent in the entire game.
 C = Inter-level travel turns spent in this place as a percentage of turns spent in this place.
 D = Turns resting spent in this place as a percentage of non-inter-level travel turns spent in this place.
 E = Turns spent auto-exploring this place as a percentage of non-inter-level travel turns spent in this place.
 F = Non-inter-level travel turns spent in this place divided by the number of levels of this place that you've seen.
                   A       B       C       D       E      F
               +-------+-------+-------+-------+-------+----------------------
         Total | 100.0 | 100.0 |   1.5 |   0.3 |   0.0 | 249.2
       Dungeon | 100.0 | 100.0 |   1.5 |   0.3 |   0.0 | 249.2
               +-------+-------+-------+-------+-------+----------------------

Table legend:
 A = Kills in this place as a percentage of kills in entire the game.
 B = Kills by you in this place as a percentage of kills by you in the entire game.
 C = Kills by friends in this place as a percentage of kills by friends in the entire game.
 D = Other kills in this place as a percentage of other kills in the entire game.
 E = Experience gained in this place as a percentage of experience gained in the entire game.
 F = Experience gained in this place divided by the number of levels of this place that you have seen.
                   A       B       C       D       E      F
               +-------+-------+-------+-------+-------+----------------------
         Total | 100.0 | 100.0 |   N/A | 100.0 | 100.0 | 244.4
       Dungeon | 100.0 | 100.0 |   N/A | 100.0 | 100.0 | 244.4
               +-------+-------+-------+-------+-------+----------------------

Vault maps used:
D:1:      shiori_arrival_maze, roderic_serpentine_path, serial_bayou_pond_d,
          hex_medium
D:3:      first_bread, uniq_ijyb
D:4:      minivault_24
D:5:      lemuel_temple_firewalk_a, minmay_crystal_room,
          hangedman_decor_peaks_small, uniq_edmund, uniq_blork_the_orc
D:7:      glass_columns_c, minivault_27, grunt_ogre_cave,
          uniq_crazy_yiuf_cottage, uniq_menkaure
D:8:      basic_altar
